 Dungeon Crawl Stone Soup version 0.22-a0-855-g415d086bb8 (webtiles) character file.

72 IcyTea the Cudgeler (level 4, 15/33 HPs)
             Began as a Demonspawn Warper on July 27, 2018.
             Quit the game on level 2 of the Dungeon.
             The game lasted 00:07:55 (2349 turns).

IcyTea the Cudgeler (Demonspawn Warper)             Turns: 2349, Time: 00:07:55

Health: 15/33      AC:  8    Str: 11    XL:     4   Next: 6%
Magic:  7/7        EV: 10    Int: 18    God:
Gold:   88         SH:  0    Dex: 13    Spells: 3/7 levels left

rFire    . . .     SeeInvis .   q - +0 club (chaos)
rCold    . . .     Gourm    .   (no shield)
rNeg     . . .     Faith    .   c - +0 ring mail (curse)
rPois    .         Spirit   .   g - +2 helmet {Int+3}
rElec    .         Reflect  .   (no cloak)
rCorr    .         Harm     .   (no gloves)
MR       +....                  (no boots)
Stlth    +.........             (no amulet)
HPRegen  0.11/turn              j - ring of protection from magic
MPRegen  0.10/turn              n - ring of flight

@: heavily drained
A: claws 1, rot immunity
a: Evoke Flight


You were on level 2 of the Dungeon.
You were hungry.

You visited 1 branch of the dungeon, and saw 2 of its levels.

You collected 88 gold pieces.

Inventory:

Hand Weapons
 a - a +0 mace
 q - a +0 club of chaos (weapon)
Missiles
 e - 3 tomahawks of dispersal (quivered)
Armour
 b - a +0 leather armour
 c - a cursed +0 ring mail (worn)
 g - a +2 helmet of intelligence (worn)
Jewellery
 j - a ring of protection from magic (left claw)
 n - a ring of flight (right claw)
Scrolls
 d - a scroll of blinking
 h - a scroll of random uselessness {unknown}
 m - 3 scrolls of remove curse {unknown}
 p - a scroll of teleportation
 r - a scroll of amnesia
Potions
 i - a potion of ambrosia {unknown}
 k - a potion of magic {unknown}
 l - a potion of curing {unknown}
 o - a potion of agility {unknown}
Comestibles
 f - 4 rations


   Skills:
 - Level 2.0(0.4) Fighting
 + Level 4.0(2.4) Maces & Flails
 - Level 0.8(0.0) Throwing
 - Level 0.8(0.0) Armour
 - Level 1.7(0.2) Dodging
 - Level 2.0(0.4) Spellcasting
 - Level 2.6(1.1) Translocations


You had 3 spell levels left.
You knew the following spells:

 Your Spells              Type           Power        Failure   Level  Hunger
a - Blink                 Tloc           N/A          43%         2    ###....
b - Shroud of Golubria    Chrm/Tloc      #.........   52%         2    ###....

Your spell library contained the following spells:

 Spells                   Type           Power        Failure   Level  Hunger
 Teleport Other           Tloc           #.......     67%         3    ####...
 Passage of Golubria      Tloc           N/A          97%         4    #####..
 Gell's Gravitas          Tloc           #.........   67%         3    ####...
 Lesser Beckoning         Tloc           #.........   67%         3    ####...


Dungeon Overview and Level Annotations

Branches:
Dungeon (2/15)

Altars:
Xom


Innate Abilities, Weirdness & Mutations

You have sharp fingernails.
You are immune to rotting.


Message History

You feel yourself speed up.
You feel sick.
You enter the shallow water.
Moving in this stuff is going to be slow.
You feel sick.
You are no longer poisoned.
You enter the shallow water.
Moving in this stuff is going to be slow.
You enter the shallow water.
Moving in this stuff is going to be slow.
You recover from your berserk rage.
You enter the shallow water.
Moving in this stuff is going to be slow.
You see here a dagger of chaos.
You see here an orc corpse.
Done exploring.
Done exploring.
Quiver which item? (- for none, * to show all) (? for menu, Esc to quit)
Okay, then.
Are you sure you want to abandon this character and quit the game? (Confirm with "yes".)

#)####
###.###..#.####.....
#.# #.# #....#
###### #.# #.#
#.#.## #.## #.#
#.#.# #..# #.#
#.#.########## ##.#
#.# #.#.#.........
#.# #.#
#.#.#.######## #.#
#>###.#.#.# ### #.#
#@##....#.######.<
#.#
#................#
#.#
####....#.########
#.# ##.............
#.# ###...########
##.# ##..###### #..#
############
#..##...### #.##
#...)......#
#.......... #.#
#.########.#
#.###.#####


There were no monsters in sight!

Vanquished Creatures
  An adder (D:2)
  A worm (D:2)
  5 dart slugs (D:1)
  A leopard gecko (D:2)
  3 orcs (D:2)
  A ball python (D:2)
  A giant cockroach (D:2)
  4 goblins
  5 hobgoblins
  4 jackals (D:1)
  8 kobolds
  4 bats
  3 frilled lizards
  4 rats (D:1)
45 creatures vanquished.

Notes
Turn   | Place    | Note
-------+----------+-------------------------------------------
     0 | D:1      | IcyTea the Demonspawn Warper began the quest for the Orb.
     0 | D:1      | Reached XP level 1. HP: 16/16 MP: 3/3
    15 | D:1      | Reached skill level 2 in Maces & Flails
    78 | D:1      | Gained mutation: You are immune to rotting. [demonic ancestry]
    78 | D:1      | Reached XP level 2. HP: 19/22 MP: 5/5
    88 | D:1      | Learned a level 2 spell: Blink
    91 | D:1      | Learned a level 2 spell: Shroud of Golubria
   541 | D:1      | Reached skill level 3 in Maces & Flails
   666 | D:1      | Reached XP level 3. HP: 23/27 MP: 6/6
  2243 | D:2      | Reached skill level 4 in Maces & Flails
  2243 | D:2      | Gained mutation: You have sharp fingernails. [demonic ancestry]
  2243 | D:2      | Reached XP level 4. HP: 30/33 MP: 7/7
  2256 | D:2      | Found a shimmering altar of Xom.
  2349 | D:2      | Quit the game

Vault maps used:
D:1:      dpeg_arrival_rooms_a
D:2:      tgw_xom, first_ration, kennysheep_generic_room_13

Skill      XL: |  1  2  3 |
---------------+----------+-----
Maces & Flails | 2 3 4 |  4.0
Fighting       | |  2.0
Throwing       | |  0.8
Armour         | |  0.8
Dodging        | |  1.7
Spellcasting   | |  2.0
Translocations | |  2.6

Action                   |  1- 3 |  4- 6 || total
-------------------------+-------+-------++-------
Melee: Mace              |   157 |     4 ||   161
Throw: Tomahawk          |     2 |       ||     2
 Cast: Shroud of Golubri |     1 |       ||     1
  Use: Scroll            |     3 |       ||     3
  Eat: Chunk             |     4 |       ||     4
Armor: Ring mail         |   112 |     1 ||   113
       Leather armour    |     1 |       ||     1
Dodge: Dodged            |   104 |       ||   104

Table legend:
 A = Spawn XP
 B = Non-spawn XP
 C = Spawn XP percentage of total XP
 D = Spawn monster count
 E = Non-spawn monster count
 F = Spawn count percentage of total count
 G = Total turns spent on level
                    A         B        C        D         E        F      G
               +---------+---------+-------+---------+---------+-------+---------
         Total |       0 |     103 |   0.0 |       0 |      45 |   0.0 |  2349
               +---------+---------+-------+---------+---------+-------+---------
           D:1 |       0 |      55 |   0.0 |       0 |      28 |   0.0 |  1040
           D:2 |       0 |      48 |   0.0 |       0 |      17 |   0.0 |  1309
               +---------+---------+-------+---------+---------+-------+---------
